 Dungeon Crawl Stone Soup version 0.30-a0-1006-g5d778dfbfc (webtiles) character file.

Game seed: 953348067310473599

1942 DavidChitty2 the Cleaver (level 8, -7/73 HPs)
             Began as a Minotaur Fighter on Apr 5, 2023.
             Was an Initiate of Okawaru.
             Mangled by a hornet (10 damage)
             ... on level 7 of the Dungeon.
             The game lasted 00:10:19 (6094 turns).

DavidChitty2 the Cleaver (Minotaur Fighter)         Turns: 6094, Time: 00:10:20

Health: -7/73      AC: 16    Str: 26    XL:     8   Next: 98%
Magic:  17/17      EV:  7    Int:  5    God:    Okawaru [......]
Gold:   191        SH:  5    Dex: 10    Spells: 7/7 levels left

rFire   . . .      SeeInvis .    a - +0 war axe
rCold   . . .      Faith    .    c - +0 buckler
rNeg    . . .      Spirit   .    w - +1 plate armour
rPois   .          Reflect  .    (helmet restricted)
rElec   .          Rampage  .    (no cloak)
rCorr   .                        (no gloves)
Will    +....                    g - +1 pair of boots {Stlth+} Stlth
                                 b - amulet of the acrobat
HPRegen 0.32/turn                h - ring of willpower
MPRegen 0.15/turn                A - ring of Inubb {MP+9 Str+3}

@: lethally poisoned (-7 -> -10), hasted and slowed
A: horns 2, retaliatory headbutt
a: Renounce Religion


You were on level 7 of the Dungeon.
You worshipped Okawaru.
Okawaru was noncommittal.
You visited 2 branches of the dungeon, and saw 8 of its levels.
You also visited: Sewer.

You collected 341 gold pieces.
You spent 150 gold pieces at shops.

Inventory:

Hand Weapons
 a - a +0 war axe (weapon)
Armour
 c - a +0 buckler (worn)
 g - a +1 pair of boots of stealth (worn)
   (You bought it in a shop on level 3 of the Dungeon)
 t - the +6 leather armour "Banoi" {rPois Dex+5}
   (You found it on level 3 of the Dungeon)

   Dex:       It affects your dexterity (+5).
   rPois:     It protects you from poison.
 w - a +1 plate armour (worn)
   (You found it on level 3 of the Dungeon)
Jewellery
 b - an amulet of the acrobat (around neck)
   (You found it on level 3 of the Dungeon)
 h - a ring of willpower (left hand)
   (You found it on level 1 of the Dungeon)
 i - a ring of protection from fire
   (You found it on level 2 of the Dungeon)
 m - a ring of ice
   (You found it on level 5 of the Dungeon)
 o - a ring of wizardry
   (You found it on level 3 of the Dungeon)
 y - an amulet of faith {!P}
   (You found it on level 4 of the Dungeon)
 A - the ring of Inubb (right hand) {MP+9 Str+3}
   (You found it on level 6 of the Dungeon)

   [ring of magical power]

   Str:       It affects your strength (+3).
   MP:        It affects your magic capacity (+9).
Wands
 d - a wand of iceblast (7)
   (You found it on level 7 of the Dungeon)
 u - a wand of polymorph (8)
   (You found it on level 5 of the Dungeon)
Scrolls
 p - a scroll of fear
 s - 2 scrolls of enchant armour
 x - a scroll of blinking
 z - 2 scrolls of poison {!r}
Potions
 e - 2 potions of ambrosia
 f - 2 potions of curing {@q1}
 j - a potion of heal wounds {@q2}
 k - a potion of invisibility
 l - 3 potions of lignification {!q}
 q - a potion of brilliance {unknown}
 r - a potion of resistance
 v - a potion of cancellation {unknown}
 B - a potion of mutation {!q}
 C - a potion of might


   Skills:
 + Level 7.2 Fighting
 * Level 9.0 Axes
 + Level 7.2 Armour
 + Level 7.1 Shields
 + Level 1.5 Invocations


You had 7 spell levels left.
You didn't know any spells.
Your spell library contained the following spells:

 Spells                   Type           Power      Damage    Failure   Level
 Cause Fear               Hex            0%         N/A       100%        4
 Alistair's Intoxication  Tmut/Pois      0%         N/A       100%        5
 Borgnjor's Vile Clutch   Necr/Erth      0%         N/A       100%        5
 Eringya's Noxious Bog    Tmut/Pois      0%         N/A       100%        6
 Dragon Form              Tmut           0%         N/A       100%        7
 Summon Forest            Summ/Tloc      Unusable   N/A       N/A         5
 Summon Mana Viper        Hex/Summ       Unusable   N/A       N/A         5
 Summon Cactus Giant      Summ           Unusable   N/A       N/A         6
 Dragon's Call            Summ           Unusable   N/A       N/A         9

Dungeon Overview and Level Annotations

Branches:
Dungeon (7/15)             Temple (1/1) D:6           Sewer (visited)

Altars:
Ashenzari
Cheibriados
Dithmenos
Elyvilon
Fedhas
Gozag
Makhleb
Nemelex Xobeh
Okawaru
Ru
Sif Muna
Trog
Uskayaw
Vehumet
Wu Jian
Yredelemnul
The Shining One

Shops:
D:3 =:*(:   D:7 (


Innate Abilities, Weirdness & Mutations

You have a pair of horns on your head.
You reflexively headbutt those who attack you in melee.


Message History

You feel very sick. The hornet stings you!
You feel as though you will be slow longer.
The hornet stings you!
You suddenly lose the ability to move!
The hornet stings you!
* * * LOW HITPOINT WARNING * * *
You feel as though you will be slow longer.
You feel sick. The hornet stings you!
* * * LOW HITPOINT WARNING * * *
You shrug off the repeated paralysis!
The hornet stings you but does no damage.
You can move again.
You feel better. The hornet closely misses you. The hornet barely misses you.
Unknown command.
You are too injured to fight recklessly!
You are too injured to fight recklessly!
You are too injured to fight recklessly!
You feel yourself speed up. The hornet completely misses you.
You furiously retaliate!
You headbutt the hornet. The hornet closely misses you.
You furiously retaliate!
You headbutt the hornet! You barely miss the hornet.
Your headbutt misses the hornet. The hornet closely misses you.
The hornet stings you!
* * * LOW HITPOINT WARNING * * *
You are poisoned.
You feel as though you will be slow longer.
You slash the hornet!
You headbutt the hornet, but do no damage.
You feel very sick.
The hornet stings you but does no damage.
The hornet stings you.
* * * LOW HITPOINT WARNING * * *
You feel as though you will be slow longer.
You closely miss the hornet.
* * * LOW HITPOINT WARNING * * *
You feel sick. The hornet stings you.
* * * LOW HITPOINT WARNING * * *
You feel as though you will be slow longer.
You miss the hornet.
* * * LOW HITPOINT WARNING * * *
You feel sick.
The hornet stings you but does no damage. x2
You closely miss the hornet.
* * * LOW HITPOINT WARNING * * *
You feel sick. The hornet barely misses you.
Unknown command.
You miss the hornet. Your headbutt misses the hornet.
* * * LOW HITPOINT WARNING * * *
You feel sick. You block the hornet's attack. The hornet stings you!
You die...

####...#####..#
#.#
###......####...#
##.#
#..............#
##..#
##...####.....##
#..## ###...##
##...## #..#
#....## ##..##
#.## ######
##...# #.#
###.y..# #.#
######.†@##..#
#.### #.......##
#..# ##...###
[.......##
#.####.......
###.....#
#........###
##....#
#....⌠.⌠.##
#....#
####.._(..##
#.....# ##⌠.⌠....
#....... ##.##...
..##.... #....>.


You could see a hornet.

Vanquished Creatures
  A wyvern (D:7)
  An ice beast (D:5)
  An orc warrior (D:6)
  A centaur (D:5)
  4 phantoms
  3 bullfrogs
  4 scorpions (D:5)
  A hound (D:6)
  2 jellies
  3 orc priests
  An iron imp (D:5)
  3 sleepcaps
  3 iguanas (D:6)
  5 orc wizards
  3 gnolls (D:5)
  12 adders
  A river rat (D:3)
  3 white imps (D:6)
  An ufetubus (D:6)
  4 worms
  3 dart slugs
  19 orcs
  3 bats (D:1)
  12 endoplasms
  12 giant cockroaches
  4 goblins
  7 hobgoblins
  6 jackals
  3 kobolds
  10 quokkas
  10 ball pythons
  12 frilled lizards
  5 rats
163 creatures vanquished.

Vanquished Creatures (others)
  3 fungi (D:6)
3 creatures vanquished.

Grand Total: 166 creatures vanquished

Notes
Turn   | Place    | Note
-------+----------+-------------------------------------------
     0 | D:1      | DavidChitty2 the Minotaur Fighter began the quest for the
                  | Orb.
     0 | D:1      | Reached XP level 1. HP: 19/19 MP: 0/0
   104 | D:1      | Reached XP level 2. HP: 26/27 MP: 1/1
   135 | D:1      | Reached skill level 3 in Axes
   393 | D:1      | Reached XP level 3. HP: 33/33 MP: 2/2
  1561 | D:3      | Found Gusifope's Jewellery Emporium.
  1642 | D:3      | Found a faded altar of an unknown god.
  1669 | D:3      | Found a basalt altar of Yredelemnul.
  1674 | D:3      | Reached XP level 4. HP: 38/40 MP: 3/3
  1688 | D:3      | Reached skill level 4 in Axes
  1754 | D:3      | Identified the +6 leather armour "Banoi" {rPois Dex+5}
  1760 | D:3      | Found Gefeez's Weapon Emporium.
  1790 | D:3      | Found Cawelaah's Book Shoppe.
  1827 | D:3      | Found a radiant altar of Vehumet.
  1939 | D:3      | Found a glowing drain.
  1943 | Sewer    | Entered a sewer
  1975 | Sewer    | Reached XP level 5. HP: 47/47 MP: 4/4
  2218 | Sewer    | Reached skill level 5 in Axes
  2241 | Sewer    | Reached XP level 6. HP: 17/55 MP: 5/5
  2660 | D:3      | Reached skill level 5 in Armour
  2677 | D:3      | Reached skill level 5 in Fighting
  2677 | D:3      | Reached skill level 5 in Shields
  2898 | D:3      | Found Seitiytu's Assorted Antiques.
  2936 | D:3      | Found Anlac's Book Boutique.
  3386 | D:3      | Bought a pair of runed boots for 150 gold pieces
  3568 | D:4      | Found an ornate altar of the Wu Jian Council.
  3883 | D:5      | Entered Level 5 of the Dungeon
  3883 | D:5      | Found a snail-covered altar of Cheibriados.
  3892 | D:5      | Reached skill level 6 in Axes
  3909 | D:5      | Reached XP level 7. HP: 50/61 MP: 6/6
  4117 | D:5      | Reached skill level 7 in Axes
  4322 | D:5      | Reached XP level 8. HP: 59/70 MP: 7/7
  4578 | D:5      | Reached skill level 8 in Axes
  4950 | D:6      | Found a white marble altar of Elyvilon.
  4982 | D:6      | Identified the ring of Inubb {MP+9 Str+3}
  5221 | D:6      | Found a sacrificial altar of Ru.
  5256 | D:6      | Found a staircase to the Ecumenical Temple.
  5327 | Temple   | Entered the Ecumenical Temple
  5334 | Temple   | Became a worshipper of Warmaster Okawaru
  5419 | D:6      | Found a burning altar of Makhleb.
  5445 | D:6      | Found a bloodstained altar of Trog.
  5864 | D:7      | Found a sparkling altar of Nemelex Xobeh.
  5904 | D:7      | Reached skill level 1 in Invocations
  5999 | D:7      | Found Ipsosues's Weapon Shoppe.
  6066 | D:7      | Reached skill level 9 in Axes
  6080 | D:7      | Noticed a hornet
  6085 | D:7      | Paralysed by a hornet for 2 turns
  6093 | D:7      | HP: 3/73 [poisoned by a hornet]
  6094 | D:7      | Mangled by a hornet

Illustrated notes

Levels and vault maps discovered:
D:1:      dreamdust_arrival_sigmund_warning, layout_loops_ring,
          minmay_misc_feat_encased, corner_web_ring
D:2:      layout_loops_ring, kennysheep_potato
D:3:      layout_loops_cross, yredelemnul_altar_generic,
          nicolae_vehumet_radiance, hellmonk_ecumenical_altar_defaced_shrine,
          serial_shops, nicolae_shop_hallway_plus, nicolae_lakefront_shop,
          nicolae_shop_stone, nicolae_shop_bloodbath_and_beyond,
          nicolae_shop_hallway_stairs, gup_sewer_entry_spiral
D:4:      layout_cave_pools, mainiacjoe_overflow_brackets
D:5:      layout_cave_pools, slow_altar_1, serial_bayou_pond_a,
          nicolae_eternal_life, st_stairs_1
D:6:      layout_loops_ring, nicolae_overflow_hidden_temple,
          amcnicky_altar_gilded, mainiacjoe_overflow_cross_hatched,
          elyvilon_altar_1, temple_statues
D:7:      layout_layer_cave, nemelex_xobeh_ov_fountains_minmay, serial_shops,
          nicolae_shop_behind_doors
Temple:   hellmonk_temple_micro_hex

Skill      XL: |  1  2  3  4  5  6  7  8 |
---------------+-------------------------+-----
Axes           | 3 4 5 6 7 9 |  9.0
Armour         | 4 5 6 7 |  7.2
Fighting       | 4 5 6 7 |  7.2
Shields        | 4 5 6 7 |  7.1
Invocations    | 1 |  1.5

Action                     |  1- 3 |  4- 6 |  7- 9 || total
---------------------------+-------+-------+-------++-------
  Melee: War axe           |    91 |   178 |   160 ||   429
         Headbutt          |    14 |    28 |    30 ||    72
    Use: Potion            |       |     1 |     2 ||     3
         Scroll            |       |    14 |     2 ||    16
 Armour: Scale mail        |    32 |       |       ||    32
         Chain mail        |     8 |    93 |       ||   101
         Plate armour      |       |    25 |   120 ||   145
  Dodge: Dodged            |    43 |    90 |    61 ||   194
  Block: Buckler           |    19 |    41 |    40 ||   100

Table legend: (Time is in decaauts)
 A = Elapsed time spent in this place.
 B = Non-inter-level travel time spent in this place.
 C = Inter-level travel time spent in this place.
 D = Time resting spent in this place.
 E = Time spent auto-exploring this place.
 F = Levels seen in this place.
 G = Mean time per level.
                   A        B        C        D        E       F      G
               +--------+--------+--------+--------+--------+-----+--------+
         Total |   6360 |   5995 |    365 |    443 |   4149 |   9 |  706.7 |
       Dungeon |   5574 |   5215 |    359 |    332 |   3817 |   7 |  796.3 |
        Temple |     14 |      8 |      6 |      0 |      0 |   1 |   14.0 |
         Sewer |    771 |    771 |      0 |    111 |    332 |   1 |  771.0 |
               +--------+--------+--------+--------+--------+-----+--------+

Top non-repeatable levels by time:
     D:3: 1143 daAuts
     D:5: 1025 daAuts
     D:6: 890 daAuts
     D:1: 812 daAuts
     D:2: 778 daAuts
   Sewer: 771 daAuts
     D:4: 616 daAuts
     D:7: 307 daAuts
  Temple: 14 daAuts
